 Dungeon Crawl Stone Soup version 0.25-a0-109-ge9c0e85935 (webtiles) character file.

Game seed: 17318779218628297005, levelgen mode: deterministic

65 vurker the Skirmisher (level 4, -1/37 HPs)
             Began as a Formicid Abyssal Knight on Nov 18, 2019.
             Was a Believer of Lugonu.
             Slain by Terence
             ... wielding a +0 short sword
              (3 damage)
             ... on level 2 of the Dungeon.
             The game lasted 00:02:25 (1454 turns).

vurker the Skirmisher (Formicid Abyssal Knight)     Turns: 1454, Time: 00:02:26

Health: -1/37      AC:  5    Str: 18    XL:     4   Next: 35%
Magic:  6/6        EV: 10    Int: 11    God:    Lugonu [**....]
Gold:   69         SH:  0    Dex: 10    Spells: 3/3 levels left

rFire    . . .     SeeInvis +   a - +1 hand axe
rCold    . . .     Gourm    +   (no shield)
rNeg     . . .     Faith    .   c - +0 ring mail
rPois    .         Spirit   .   (helmet unavailable)
rElec    .         Reflect  .   (no cloak)
rCorr    .         Harm     .   (no gloves)
MR       .....                  (no boots)
Stlth    ..........             g - amulet of the gourmand
HPRegen  0.12/turn              (no ring)
MPRegen  0.10/turn              (no ring)

@: no status effects
A: permanent stasis, dig shafts and tunnels, four strong arms, antennae 3
a: Dig, Shaft Self, Depart the Abyss, Bend Space, Renounce Religion


You were on level 2 of the Dungeon.
You worshipped Lugonu.
Lugonu was pleased with you.
You were completely stuffed.

You visited 1 branch of the dungeon, and saw 2 of its levels.
You visited the Abyss 1 time.

You collected 69 gold pieces.

Inventory:

Hand Weapons
 a - a +1 hand axe (weapon)
Armour
 c - a +0 ring mail (worn)
   (You found it on level 1 of the Dungeon)
Jewellery
 g - an amulet of the gourmand (around neck)
   (You found it on level 1 of the Dungeon)
Scrolls
 h - a scroll of magic mapping
Potions
 i - a potion of flight
Comestibles
 e - 7 rations


   Skills:
 + Level 3.9 Fighting
 * Level 3.3 Axes
 - Level 2.1 Armour
 - Level 0.8 Dodging
 + Level 3.1 Invocations


You had 3 spell levels left.
You didn't know any spells.
Your spell library was empty.

Dungeon Overview and Level Annotations

Branches:
Dungeon (2/15)

Altars:

Annotations:
D:2 Terence


Innate Abilities, Weirdness & Mutations

You cannot be hasted, slowed, berserked, paralysed or teleported.
You can dig through walls and to a lower floor.
Your four strong arms can wield two-handed weapons with a shield.
You have a pair of large antennae on your head. (SInv)


Message History

Lugonu accepts your kill.
* * * LOW HITPOINT WARNING * * *
You feel sick. The goblin hits you with a +0 dagger.
* * * LOW HITPOINT WARNING * * *
Terence misses you.
You closely miss Terence. You closely miss the goblin.
You closely miss the hobgoblin.
* * * LOW HITPOINT WARNING * * *
You feel sick. The goblin closely misses you.
Terence hits you with a +0 short sword.
* * * LOW HITPOINT WARNING * * *
The hobgoblin hits you but does no damage.
The goblin hits you but does no damage.
It was a potion of curing.
You feel better. Terence hits you with a +0 short sword.
The hobgoblin barely misses you. The goblin closely misses you.
You barely miss Terence. You hit the hobgoblin but do no damage.
You completely miss the goblin. Terence hits you but does no damage.
The hobgoblin hits you with a +0 club.
* * * LOW HITPOINT WARNING * * *
The goblin hits you but does no damage. Terence hits you with a +0 short sword.
* * * LOW HITPOINT WARNING * * *
You hit Terence. You hit the goblin.
You kill the goblin!
Lugonu accepts your kill.
You hit the hobgoblin.
You kill the hobgoblin!
Lugonu accepts your kill. Terence closely misses you.
You hit Terence but do no damage. Terence hits you with a +0 short sword.
* * * LOW HITPOINT WARNING * * *
You hit Terence but do no damage. Terence barely misses you.
You barely miss Terence. Terence barely misses you.
You hit Terence. Terence hits you but does no damage.
All of the chunks of flesh in your inventory have rotted away.
You slash Terence!
Terence drinks a potion.
Terence is healed!
You hit Terence but do no damage. Terence hits you but does no damage. x2
You closely miss Terence. Terence closely misses you.
You barely miss Terence. Terence hits you but does no damage.
You closely miss Terence. Terence hits you with a +0 short sword.
* * * LOW HITPOINT WARNING * * *
You hit Terence. Terence hits you but does no damage.
You hit Terence. Terence barely misses you.
You hit Terence but do no damage. Terence hits you with a +0 short sword.
* * * LOW HITPOINT WARNING * * *
You slash Terence! Terence barely misses you.
You hit Terence. Terence hits you with a +0 short sword.
* * * LOW HITPOINT WARNING * * *
You hit Terence. Terence hits you with a +0 short sword.
You die...

......#,*,#.#,************ *,,,,,
###...#,*,#.#{*#########****,,,,,
#...#,*,..#.*#........,,**,,,,,
#...#,**###.##........,,**,,,,,
###.#,,,,,..##........,,**,,,,,
#.#,****#.##........,,**,,,,,
#.#,*,,,#.##........,,**,,,,,
#.#,*,*,#.##.@......,,**,,,,,
#?#,*,*,#.##@)......,,**,,,,,
#.#,,,*,#..(.)......,,,,,,,,,
#.#####.#.##........,,**,,,,,
##.......#..#........,,*******
#..#####.#...........,,*
#..#..,*,#..#########***
#..#.#,*,#..# #..#.#,*,#..#
#..#.#,,,#..#


You could see Terence.

Vanquished Creatures
  2 adders (D:2)
  An ooze (D:2)
  A dart slug (D:1)
  A leopard gecko (D:2)
  4 goblins
  4 hobgoblins
  5 jackals (D:1)
  3 kobolds
  2 ball pythons (D:1)
  8 bats
  2 frilled lizards
  8 rats
41 creatures vanquished.

Notes
Turn   | Place    | Note
-------+----------+-------------------------------------------
     0 | Abyss:1  | vurker the Formicid Abyssal Knight began the quest for the
                  | Orb.
     0 | Abyss:1  | Reached XP level 1. HP: 18/18 MP: 2/2
    34 | D:1      | Escaped the Abyss
    96 | D:1      | Reached XP level 2. HP: 24/24 MP: 3/3
   465 | D:1      | Reached XP level 3. HP: 23/29 MP: 4/4
   739 | D:1      | Reached ** piety under Lugonu
  1212 | D:2      | Reached XP level 4. HP: 37/37 MP: 6/6
  1428 | D:2      | Noticed Terence
  1454 | D:2      | Slain by Terence

Levels and vault maps discovered:
D:1:      saegor_arrival_simple_a, layout_loops_ring
D:2:      layout_basic, roderic_lattice_a, uniq_terence, uniq_sigmund,
          uniq_natasha

Skill      XL: |  1  2  3 |
---------------+----------+-----
Axes           | 3 |  3.3
Invocations    | 3 |  3.1
Fighting       | |  3.9
Armour         | |  2.1
Dodging        | |  0.8

Action                   |  1- 3 |  4- 6 || total
-------------------------+-------+-------++-------
Melee: Hand axe          |    96 |    31 ||   127
  Use: Scroll            |       |     5 ||     5
       Potion            |       |     1 ||     1
  Eat: Chunk             |    14 |     1 ||    15
Armor: Ring mail         |    42 |    12 ||    54
       Leather armour    |     2 |       ||     2
Dodge: Dodged            |    68 |    12 ||    80

Table legend:
 A = Non-vault XP
 B = Vault XP
 C = Vault XP percentage of total XP
 D = Non-vault monster count
 E = Vault monster count
 F = Vault count percentage of total count
                 A         B        C        D         E       F
            +---------+---------+-------+---------+---------+-------
      Total |      94 |       0 |   0.0 |      41 |       0 |   0.0
            +---------+---------+-------+---------+---------+-------
        D:1 |      36 |       0 |   0.0 |      22 |       0 |   0.0
        D:2 |      58 |       0 |   0.0 |      19 |       0 |   0.0
            +---------+---------+-------+---------+---------+-------
